| TOP OF THE 1ST |
|
Pompano Beach Stingrays batting - Pitching for St. Petersburg Saints : RHP Rich Zelaya
|
|
Pitching: RHP Rich Zelaya
|
|
|
Batting: RHB Jorge Villalobos
|
0-0: Foul Ball, location: 2F 0-1: Fly out, F7 (Flyball, 7D, EV 92.5 MPH)
|
|
Batting: SHB Gene Roof
|
0-0: Ball 1-0: SINGLE (Flyball, 34D, EV 88.1 MPH)
|
|
Batting: LHB Arnold McCrary
|
0-0: Called Strike 0-1: Ball 1-1: Ball 2-1: Ball 3-1: Foul Ball, location: 2F 3-2: Base on Balls Gene Roof to second
|
|
Batting: RHB Mark Strucher
|
0-0: Ball 1-0: Foul Ball, location: 2F 1-1: Ball 2-1: DOUBLE (Line Drive, 7LS, EV 100.0 MPH) Gene Roof scores Arnold McCrary to third Runner from 3rd tries for Home, SAFE, throw by LF to trailing runner, SAFE at third!
|
|
Batting: SHB Juan Molina
|
0-0: Ball 1-0: Ball 2-0: Called Strike 2-1: Ball 3-1: Base on Balls
|
|
Batting: RHB Jimmy Thomas
|
0-0: Ball 1-0: Ball 2-0: Called Strike 2-1: Ball 3-1: Base on Balls Juan Molina to second
|
|
Batting: SHB Maury Ornest
|
0-0: Swinging Strike 0-1: DOUBLE (Line Drive, 7LM, EV 94.4 MPH) Mark Strucher scores Juan Molina scores Jimmy Thomas to third Runner from 3rd tries for Home, SAFE, throw by LF to home
|
|
Batting: RHB William Waag
|
0-0: Ball 1-0: Ball Wild Pitch! Maury Ornest to third 2-0: Called Strike 2-1: Fly out, F8 (Flyball, 8LD, EV 104.4 MPH) Runner from 3rd tags up, SCORES, throw by CF
|
|
Batting: RHB Edward Lowery
|
0-0: Ball 1-0: Ball 2-0: Ground out 5-3 (Groundball, 56S, EV 65.0 MPH)
|
| Top of the 1st over - 6 runs, 3 hits, 0 errors, 0 left on base; Pompano Beach 6 - St. Petersburg 0 |
| BOTTOM OF THE 1ST |
|
St. Petersburg Saints batting - Pitching for Pompano Beach Stingrays : LHP Mark Vaji
|
|
Pitching: LHP Mark Vaji
|
|
|
Batting: LHB Omar de la Torre
|
0-0: Swinging Strike 0-1: Ball 1-1: Swinging Strike 1-2: Foul Ball, location: 2F 1-2: Strikes out swinging
|
|
Batting: RHB Jeff Pyburn
|
0-0: Ball 1-0: Called Strike 1-1: Foul Ball, location: 2F 1-2: Ball 2-2: Foul Ball, location: 2F 2-2: Strikes out swinging
|
|
Batting: LHB Terry Blocker
|
0-0: Called Strike 0-1: Foul Ball, location: 2F 0-2: Ball 1-2: Ball 2-2: Foul Ball, location: 2F 2-2: Fly out, F9 (Flyball, 89S, EV 92.5 MPH)
|
| Bottom of the 1st over - 0 runs, 0 hits, 0 errors, 0 left on base; Pompano Beach 6 - St. Petersburg 0 |
| TOP OF THE 2ND |
|
Pompano Beach Stingrays batting - Pitching for St. Petersburg Saints : RHP Rich Zelaya
|
|
Batting: RHB Jorge Villalobos
|
0-0: Ball 1-0: Called Strike 1-1: Ball 2-1: SINGLE (Groundball, 56D, EV 94.4 MPH)
|
|
Pitching: RHP Michael Nedelisky
|
|
|
Batting: SHB Gene Roof
|
0-0: Fly out, F9 (Flyball, 9, EV 93.8 MPH)
|
|
Batting: LHB Arnold McCrary
|
0-0: Ball 1-0: SINGLE (Groundball, 4MD, EV 99.4 MPH) Jorge Villalobos to second
|
|
Batting: RHB Mark Strucher
|
0-0: Fly out, F9 (Line Drive, 9, EV 89.4 MPH)
|
|
Batting: SHB Juan Molina
|
0-0: Called Strike 0-1: Called Strike 0-2: Ball 1-2: Foul Ball, location: 2F 1-2: Foul Ball, location: 2F 1-2: Foul Ball, location: 2F 1-2: Foul Ball, location: 2F 1-2: Ball 2-2: SINGLE (Groundball, 34D, EV 95.6 MPH) Jorge Villalobos to third Arnold McCrary to second Runner from 3rd tries for Home, SAFE, throw by RF to home
|
|
Batting: RHB Jimmy Thomas
|
0-0: Swinging Strike 0-1: Called Strike 0-2: Strikes out swinging
|
| Top of the 2nd over - 1 run, 3 hits, 0 errors, 2 left on base; Pompano Beach 7 - St. Petersburg 0 |
| BOTTOM OF THE 2ND |
|
St. Petersburg Saints batting - Pitching for Pompano Beach Stingrays : LHP Mark Vaji
|
|
Batting: RHB Jerry Johnson
|
0-0: Ball 1-0: Ground out 5-3 (Groundball, 56, EV 86.3 MPH)
|
|
Batting: RHB Ric Despaux
|
0-0: Foul Ball, location: 2F 0-1: Foul Ball, location: 2F 0-2: Ball 1-2: Ball 2-2: Ball 3-2: Foul Ball, location: 2F 3-2: Base on Balls
|
|
Batting: RHB Randy Ingle
|
0-0: Ball 1-0: Ball 2-0: Ball 3-0: Called Strike 3-1: Base on Balls Ric Despaux to second
|
|
Batting: RHB Joe Lansford
|
0-0: Ball 1-0: Foul Ball, location: 2F 1-1: Ball 2-1: Ball 3-1: Base on Balls Ric Despaux to third Randy Ingle to second
|
|
Batting: RHB Roberto Alvarez
|
0-0: Fly out, F6 (Popup, 6MS, EV 70.0 MPH)
|
|
Batting: RHB Pablo Carballo
|
0-0: Ball 1-0: Fly out, F8 (Flyball, 89S, EV 82.5 MPH)
|
| Bottom of the 2nd over - 0 runs, 0 hits, 0 errors, 3 left on base; Pompano Beach 7 - St. Petersburg 0 |
| TOP OF THE 3RD |
|
Pompano Beach Stingrays batting - Pitching for St. Petersburg Saints : RHP Michael Nedelisky
|
|
Batting: SHB Maury Ornest
|
0-0: Ball 1-0: DOUBLE (Flyball, 78D, EV 92.5 MPH)
|
|
Batting: RHB William Waag
|
0-0: Swinging Strike 0-1: Ball 1-1: Ball 2-1: Foul Ball, location: 2F 2-2: Ball 3-2: SINGLE (Groundball, 6M, EV 94.4 MPH) Maury Ornest to third Runner from 3rd tries for Home, SAFE, throw by CF to home
|
|
Batting: RHB Edward Lowery
|
0-0: Called Strike 0-1: Ball 1-1: Fly out, F8 (Flyball, 8LM, EV 90.6 MPH)
|
|
Batting: RHB Jorge Villalobos
|
0-0: Reached on error, E5 (Groundball, 56, EV 85.6 MPH) William Waag to second
|
|
Pitching: LHP James Haight
|
|
|
Batting: SHB Gene Roof
|
0-0: Ground out 5-3 (Groundball, 56S, EV 68.1 MPH) William Waag to third Jorge Villalobos to second
|
|
Batting: LHB Arnold McCrary
|
0-0: Called Strike 0-1: Ball 1-1: Foul Ball, location: 2F 1-2: Ground out 4-3 (Groundball, 4, EV 88.1 MPH)
|
| Top of the 3rd over - 1 run, 2 hits, 1 error, 2 left on base; Pompano Beach 8 - St. Petersburg 0 |
| BOTTOM OF THE 3RD |
|
St. Petersburg Saints batting - Pitching for Pompano Beach Stingrays : LHP Mark Vaji
|
|
Batting: LHB Omar de la Torre
|
0-0: Foul Ball, location: 2F 0-1: Foul Ball, location: 2F 0-2: Ball 1-2: Fly out, F8 (Flyball, 8RXD, EV 83.1 MPH)
|
|
Batting: RHB Jeff Pyburn
|
0-0: Fly out, F8 (Flyball, 8LD, EV 106.3 MPH)
|
|
Batting: LHB Terry Blocker
|
0-0: Ball 1-0: Fly out, F8 (Line Drive, 8LM, EV 88.1 MPH)
|
| Bottom of the 3rd over - 0 runs, 0 hits, 0 errors, 0 left on base; Pompano Beach 8 - St. Petersburg 0 |
| TOP OF THE 4TH |
|
Pompano Beach Stingrays batting - Pitching for St. Petersburg Saints : LHP James Haight
|
|
Batting: RHB Mark Strucher
|
0-0: Fly out, F9 (Flyball, 9S, EV 86.3 MPH)
|
|
Batting: SHB Juan Molina
|
0-0: Ball 1-0: Ball 2-0: Foul Ball, location: 2F 2-1: Foul Ball, location: 2F 2-2: SINGLE (Line Drive, 8RS, EV 103.1 MPH)
|
|
Batting: RHB Jimmy Thomas
|
0-0: Grounds into double play, 4-6-3 (Groundball, 4, EV 106.9 MPH)
|
| Top of the 4th over - 0 runs, 1 hit, 0 errors, 0 left on base; Pompano Beach 8 - St. Petersburg 0 |
| BOTTOM OF THE 4TH |
|
St. Petersburg Saints batting - Pitching for Pompano Beach Stingrays : LHP Mark Vaji
|
|
Batting: RHB Jerry Johnson
|
0-0: Called Strike 0-1: Swinging Strike 0-2: Ball 1-2: Foul Ball, location: 2F 1-2: Ball 2-2: Strikes out swinging
|
|
Batting: RHB Ric Despaux
|
0-0: Ball 1-0: Foul Ball, location: 2F 1-1: Ball 2-1: Ball 3-1: Called Strike 3-2: Base on Balls
|
|
Batting: RHB Randy Ingle
|
0-0: Ball 1-0: Called Strike 1-1: Fly out, F8 (Flyball, 8RM, EV 83.8 MPH)
|
|
Batting: RHB Joe Lansford
|
0-0: Called Strike 0-1: Ball 1-1: SINGLE (Groundball, 56D, EV 105.0 MPH) Ric Despaux to second
|
|
Batting: RHB Roberto Alvarez
|
0-0: Fly out, F3 (Popup, 3S, EV 75.0 MPH)
|
| Bottom of the 4th over - 0 runs, 1 hit, 0 errors, 2 left on base; Pompano Beach 8 - St. Petersburg 0 |
| TOP OF THE 5TH |
|
Pompano Beach Stingrays batting - Pitching for St. Petersburg Saints : LHP James Haight
|
|
Batting: SHB Maury Ornest
|
0-0: Ground out 5-3 (Groundball, 56, EV 86.9 MPH)
|
|
Batting: RHB William Waag
|
0-0: Swinging Strike 0-1: Swinging Strike 0-2: Fly out, F5 (Popup, 25F, EV 90.0 MPH)
|
|
Batting: RHB Edward Lowery
|
0-0: Ball 1-0: Ball 2-0: Called Strike 2-1: Ball 3-1: Swinging Strike 3-2: Strikes out swinging
|
| Top of the 5th over - 0 runs, 0 hits, 0 errors, 0 left on base; Pompano Beach 8 - St. Petersburg 0 |
| BOTTOM OF THE 5TH |
|
St. Petersburg Saints batting - Pitching for Pompano Beach Stingrays : LHP Mark Vaji
|
|
Batting: RHB Pablo Carballo
|
0-0: Foul Ball, location: 2F 0-1: Ball 1-1: Foul Ball, location: 2F 1-2: Ball 2-2: Ball 3-2: Foul Ball, location: 2F 3-2: Foul Ball, location: 2F 3-2: Base on Balls
|
|
Batting: LHB Omar de la Torre
|
0-0: SINGLE (Groundball, 25, EV 75.0 MPH) (infield hit) Pablo Carballo to second
|
|
Batting: RHB Jeff Pyburn
|
0-0: Grounds into double play, 5-4-3 (Groundball, 56S, EV 89.4 MPH) Pablo Carballo to third
|
|
Batting: LHB Terry Blocker
|
0-0: Foul Ball, location: 2F 0-1: SINGLE (Flyball, 9LS, EV 92.5 MPH) Pablo Carballo scores
|
|
Batting: RHB Jerry Johnson
|
0-0: Ball Passed Ball! Terry Blocker to second 1-0: Ball 2-0: Called Strike 2-1: Ball Wild Pitch! Terry Blocker to third 3-1: Base on Balls
|
|
Batting: RHB Ric Despaux
|
0-0: SINGLE (Line Drive, 89S, EV 101.3 MPH) Terry Blocker scores Jerry Johnson to second
|
|
Batting: RHB Randy Ingle
|
0-0: Called Strike 0-1: Ball 1-1: Called Strike 1-2: Fly out, F8 (Flyball, 8RM, EV 80.0 MPH)
|
| Bottom of the 5th over - 2 runs, 3 hits, 0 errors, 2 left on base; Pompano Beach 8 - St. Petersburg 2 |
| TOP OF THE 6TH |
|
Pompano Beach Stingrays batting - Pitching for St. Petersburg Saints : LHP James Haight
|
|
Batting: RHB Jorge Villalobos
|
0-0: Fly out, F4 (Popup, 34S, EV 85.6 MPH)
|
|
Batting: SHB Gene Roof
|
0-0: Called Strike 0-1: Ball 1-1: Ground out 6-3 (Groundball, 6, EV 101.9 MPH)
|
|
Batting: LHB Arnold McCrary
|
0-0: Ball 1-0: Ball 2-0: Ball 3-0: Base on Balls
|
|
Batting: RHB Mark Strucher
|
0-0: Ball Arnold McCrary steals 2nd base 1-0: Foul Ball, location: 2F 1-1: SINGLE (Groundball, 6M, EV 98.8 MPH) (infield hit) Arnold McCrary to third
|
|
Batting: SHB Juan Molina
|
0-0: Ball 1-0: DOUBLE (Flyball, 78XD, EV 105.0 MPH) Arnold McCrary scores Mark Strucher to third Runner from 3rd tries for Home, SAFE, throw by LF to home
|
|
Pitching: RHP Scott Dwyer
|
|
|
Batting: RHB Jimmy Thomas
|
0-0: Called Strike 0-1: Ball 1-1: Fly out, F9 (Flyball, 9D, EV 98.8 MPH)
|
| Top of the 6th over - 2 runs, 2 hits, 0 errors, 1 left on base; Pompano Beach 10 - St. Petersburg 2 |
| BOTTOM OF THE 6TH |
|
St. Petersburg Saints batting - Pitching for Pompano Beach Stingrays : LHP Mark Vaji
|
|
Batting: RHB Joe Lansford
|
0-0: Called Strike 0-1: Ball 1-1: Swinging Strike 1-2: Strikes out looking
|
|
Batting: RHB Roberto Alvarez
|
0-0: Ball 1-0: Called Strike 1-1: Swinging Strike 1-2: SINGLE (Line Drive, 89S, EV 89.4 MPH)
|
|
Batting: RHB Pablo Carballo
|
0-0: Ball 1-0: Called Strike 1-1: Foul Ball, location: 2F 1-2: Foul Ball, location: 2F 1-2: Strikes out swinging Roberto Alvarez steals 2nd base (no throw) Batter strikes out.
|
|
Batting: LHB Omar de la Torre
|
0-0: Ball 1-0: Foul Ball, location: 2F 1-1: Ball 2-1: Ground out 3-1 (Groundball, 34, EV 86.3 MPH)
|
| Bottom of the 6th over - 0 runs, 1 hit, 0 errors, 1 left on base; Pompano Beach 10 - St. Petersburg 2 |
| TOP OF THE 7TH |
|
Pompano Beach Stingrays batting - Pitching for St. Petersburg Saints : RHP Scott Dwyer
|
|
Batting: SHB Maury Ornest
|
0-0: Called Strike 0-1: Ball 1-1: Ball 2-1: Called Strike 2-2: Ball 3-2: Fly out, F9 (Line Drive, 9D, EV 89.4 MPH)
|
|
Batting: RHB William Waag
|
0-0: Ball 1-0: Ball 2-0: Ball 3-0: Called Strike 3-1: Foul Ball, location: 2F 3-2: Ground out 6-3 (Groundball, 6, EV 93.1 MPH)
|
|
Batting: RHB Edward Lowery
|
0-0: Ball 1-0: Ball 2-0: Called Strike 2-1: Ball 3-1: Base on Balls
|
|
Batting: RHB Jorge Villalobos
|
0-0: Called Strike 0-1: Ball 1-1: Ball 2-1: Ball 3-1: Base on Balls Edward Lowery to second
|
|
Batting: SHB Gene Roof
|
0-0: Ball 1-0: Foul Ball, location: 2F 1-1: SINGLE (Line Drive, 9LS, EV 108.8 MPH) Edward Lowery to third Jorge Villalobos to second Runner from 3rd tries for Home, SAFE, throw by RF to home
|
|
Batting: LHB Arnold McCrary
|
0-0: Called Strike 0-1: Ball 1-1: Ball 2-1: SINGLE (Groundball, 6S, EV 66.9 MPH) (infield hit) Jorge Villalobos to third Gene Roof to second
|
|
Batting: RHB Mark Strucher
|
0-0: Called Strike 0-1: SINGLE (Flyball, 34D, EV 88.8 MPH) Jorge Villalobos scores Gene Roof to third Arnold McCrary to second Runner from 3rd tries for Home, SAFE, throw by RF to home
|
|
Pitching: RHP Richard Robinson
|
|
|
Batting: SHB Juan Molina
|
0-0: Ball 1-0: Ball 2-0: Ball 3-0: Called Strike 3-1: Fielders Choice at 2nd, 6-4 (Groundball, 6, EV 102.5 MPH)
|
| Top of the 7th over - 3 runs, 3 hits, 0 errors, 2 left on base; Pompano Beach 13 - St. Petersburg 2 |
| BOTTOM OF THE 7TH |
|
St. Petersburg Saints batting - Pitching for Pompano Beach Stingrays : LHP Mark Vaji
|
|
Batting: RHB Jeff Pyburn
|
0-0: Ball 1-0: Foul Ball, location: 2F 1-1: Ball 2-1: Foul Ball, location: 2F 2-2: Foul Ball, location: 2F 2-2: Foul Ball, location: 2F 2-2: Strikes out swinging, 2-3 out at first.
|
|
Batting: LHB Terry Blocker
|
0-0: Called Strike 0-1: Ball 1-1: Foul Ball, location: 2F 1-2: SINGLE (Groundball, 56D, EV 105.0 MPH)
|
|
Batting: RHB Jerry Johnson
|
0-0: Ball 1-0: Ball 2-0: Fly out, F7 (Line Drive, 7, EV 96.9 MPH)
|
|
Batting: RHB Ric Despaux
|
|
|
Pinch Hitting: RHB Francisco Escalera
|
0-0: Fly out, F4 (Flyball, 34D, EV 91.3 MPH)
|
| Bottom of the 7th over - 0 runs, 1 hit, 0 errors, 1 left on base; Pompano Beach 13 - St. Petersburg 2 |
| TOP OF THE 8TH |
|
Pompano Beach Stingrays batting - Pitching for St. Petersburg Saints : RHP Richard Robinson
|
|
Now in CF: Francisco Escalera
|
|
|
Batting: RHB Jimmy Thomas
|
0-0: Ball 1-0: Called Strike 1-1: Swinging Strike 1-2: Ball 2-2: TRIPLE (Line Drive, 89XD, EV 101.3 MPH)
|
|
Batting: SHB Maury Ornest
|
0-0: Ball 1-0: Ball 2-0: Foul Ball, location: 2F 2-1: Foul Ball, location: 2F 2-2: Foul Ball, location: 2F 2-2: Fly out, F4 (Line Drive, 4, EV 66.3 MPH)
|
|
Batting: RHB William Waag
|
0-0: Ball 1-0: SINGLE (Groundball, 56D, EV 101.9 MPH) Jimmy Thomas scores
|
|
Batting: RHB Edward Lowery
|
0-0: Ball 1-0: SINGLE (Line Drive, 8RS, EV 91.9 MPH) William Waag to second
|
|
Batting: RHB Jorge Villalobos
|
0-0: Ball 1-0: Foul Ball, location: 2F 1-1: Foul Ball, location: 2F 1-2: DOUBLE (Line Drive, 7LS, EV 111.3 MPH) William Waag scores Edward Lowery to third
|
|
Batting: SHB Gene Roof
|
0-0: Ball 1-0: Ball 2-0: Called Strike 2-1: Fly out, F8 (Flyball, 8LM, EV 82.5 MPH)
|
|
Batting: LHB Arnold McCrary
|
0-0: Fly out, F9 (Flyball, 9LM, EV 97.5 MPH)
|
| Top of the 8th over - 2 runs, 4 hits, 0 errors, 2 left on base; Pompano Beach 15 - St. Petersburg 2 |
| BOTTOM OF THE 8TH |
|
St. Petersburg Saints batting - Pitching for Pompano Beach Stingrays : LHP Mark Vaji
|
|
Batting: RHB Randy Ingle
|
0-0: Ball 1-0: Ball 2-0: Ground out 6-3 (Groundball, 6, EV 82.5 MPH)
|
|
Batting: RHB Joe Lansford
|
0-0: Foul Ball, location: 2F 0-1: Foul Ball, location: 2F 0-2: Strikes out looking
|
|
Batting: RHB Roberto Alvarez
|
0-0: Foul Ball, location: 2F 0-1: Ball 1-1: Ball 2-1: Ball 3-1: Called Strike 3-2: Strikes out looking
|
| Bottom of the 8th over - 0 runs, 0 hits, 0 errors, 0 left on base; Pompano Beach 15 - St. Petersburg 2 |
| TOP OF THE 9TH |
|
Pompano Beach Stingrays batting - Pitching for St. Petersburg Saints : RHP Richard Robinson
|
|
Pitching: LHP Gregory Coughlin
|
|
|
Batting: RHB Mark Strucher
|
0-0: Called Strike 0-1: Ground out 1-3 (Groundball, 15S, EV 68.1 MPH)
|
|
Batting: SHB Juan Molina
|
0-0: Ball 1-0: Called Strike 1-1: Called Strike 1-2: Foul Ball, location: 2F 1-2: SINGLE (Groundball, 13, EV 91.3 MPH) (infield hit)
|
|
Pinch Hitting: RHB Whitney Harry
|
0-0: Called Strike 0-1: Ball 1-1: Ball 2-1: Ball 3-1: Base on Balls Juan Molina to second
|
|
Batting: SHB Maury Ornest
|
0-0: Called Strike 0-1: Fly out, F4 (Flyball, 34D, EV 87.5 MPH)
|
|
Batting: RHB William Waag
|
0-0: Swinging Strike 0-1: Ball 1-1: Called Strike 1-2: Strikes out swinging
|
| Top of the 9th over - 0 runs, 1 hit, 0 errors, 2 left on base; Pompano Beach 15 - St. Petersburg 2 |
| BOTTOM OF THE 9TH |
|
St. Petersburg Saints batting - Pitching for Pompano Beach Stingrays : LHP Mark Vaji
|
|
Now at C: Whitney Harry
|
|
|
Batting: RHB Pablo Carballo
|
0-0: Called Strike 0-1: Ball 1-1: Foul Ball, location: 2F 1-2: Foul Ball, location: 2F 1-2: Ball 2-2: Ball 3-2: Foul Ball, location: 2F 3-2: SOLO HOME RUN (Flyball, 78XD, EV 113.8 MPH), Distance : 412 ft
|
|
Batting: LHB Omar de la Torre
|
0-0: Ground out 4-3 (Groundball, 4, EV 83.8 MPH)
|
|
Batting: RHB Jeff Pyburn
|
0-0: Called Strike 0-1: Ball 1-1: Foul Ball, location: 2F 1-2: Foul Ball, location: 2F 1-2: Ball 2-2: Ground out 6-3 (Groundball, 6M, EV 93.8 MPH)
|
|
Pinch Hitting: LHB Thomas Langham
|
0-0: Ball 1-0: Ball 2-0: Ball 3-0: Called Strike 3-1: Ground out 4-3 (Groundball, 4M, EV 83.8 MPH)
|
| Bottom of the 9th over - 1 run, 1 hit, 0 errors, 0 left on base; Pompano Beach 15 - St. Petersburg 3 |
|